 Dungeon Crawl Stone Soup version 0.19.0-24-gb05acd6 (webtiles) character file.

223 ithil the Poker (level 5, 0/45 HPs)
             Began as a Minotaur Gladiator on Nov 20, 2016.
             Was an Initiate of Trog.
             Slain by a hound (1 damage)
             ... on level 4 of the Dungeon.
             The game lasted 00:22:34 (3364 turns).

ithil the Poker (Minotaur Gladiator)                Turns: 3364, Time: 00:22:35

Health: 0/45       AC:  8    Str: 21    XL:     5   Next: 66%
Magic:  4/4        EV:  9    Int:  5    God:    Trog [......]
Gold:   206        SH:  0    Dex: 10    Spells: 0 memorised, 4 levels left

rFire  . . .     SeeInvis .     w - -3 mace (curse)
rCold  . . .     Gourm    .     j - +0 chain mail
rNeg   . . .     Faith    .     (no shield)
rPois  .         Spirit   .     c - +0 hat
rElec  .         Reflect  .     (no cloak)
rCorr  .         Harm     .     (no gloves)
MR     .....                    (no boots)
Stlth  ..........               (no amulet)
                                (no ring)
                                (no ring)

@: no status effects
A: retaliatory headbutt, horns 2
a: Burn Spellbooks, Renounce Religion


You were on level 4 of the Dungeon.
You worshipped Trog.
Trog was noncommittal.
You were not hungry.

You visited 2 branches of the dungeon, and saw 5 of its levels.

You collected 206 gold pieces.

Inventory:

Hand Weapons
 a - a +0 trident
 g - a +0 rapier
 m - a +1 whip
 q - a +0 battleaxe
 t - a +0 falchion
 w - a cursed -3 mace (weapon)
Missiles
 d - 3 throwing nets
 e - 5 needles of sleeping (quivered)
 n - 2 tomahawks of returning
Armour
 c - a +0 hat (worn)
 h - a +0 robe
 j - a +0 chain mail (worn)
 x - a +0 chain mail
Scrolls
 k - 3 scrolls of identify
Potions
 l - a potion of might {unknown}
 o - a potion of brilliance {unknown}
 p - a potion of mutation {unknown}
 s - a potion of lignification {unknown}
Comestibles
 f - 3 bread rations
 i - 2 meat rations
 r - 4 fruits


   Skills:
 + Level 3.6 Fighting
 + Level 0.5 Maces & Flails
 + Level 6.1 Polearms
 + Level 2.2 Throwing
 + Level 2.2 Armour
 + Level 3.7 Dodging
 + Level 0.5 Stealth


You had 4 spell levels left.
You didn't know any spells.

Dungeon Overview and Level Annotations

Branches:
Dungeon (4/15)             Temple (1/1) D:4

Altars:
Ashenzari
Cheibriados
Dithmenos
Elyvilon
Fedhas
Gozag
Hepliaklqana
Kikubaaqudgha
Makhleb
Nemelex Xobeh
Okawaru
Qazlal
Ru
Sif Muna
Trog
Uskayaw
Vehumet
Xom
Yredelemnul
Zin
The Shining One


Innate Abilities, Weirdness & Mutations

You reflexively headbutt those who attack you in melee.
You have a pair of horns on your head.


Message History

The needle of sleeping closely misses the hound.
The needle of sleeping hits the gnoll.
The hound bites you.
* * * LOW HITPOINT WARNING * * *
The hound bites you but does no damage.
The gnoll hits you from afar with a halberd.
* * * LOW HITPOINT WARNING * * *
The hound bites you.
* * * LOW HITPOINT WARNING * * *
You hit the hound.
The hound is moderately wounded.
The hound barely misses you. You furiously retaliate!
You headbutt the hound!
The gnoll hits you from afar with a halberd.
* * * LOW HITPOINT WARNING * * *
The hound bites you.
* * * LOW HITPOINT WARNING * * *
You hit the hound but do no damage.
The hound is almost dead.
The hound closely misses you. The gnoll hits you but does no damage.
The hound bites you.
You die...

.#.#
##.#♣♣♣♣.PP..#
♣♣.########.#.#♣
.P♣♣...
P♣.........###.#
♣.♣ ..
.♣.########.#..#
.♣ ...# ##.#.###
.# .♣.# #.#.#.. ..
.#.#########.#.#.#
...##........#.#.#
##.##.########.#@#
#...#.# #.#h##
......# #.#gS#
#...### #.##g##
##.## #.#...###
#.# #.(.#...# ..
#.# ###)..#.# #..
#.# ##.##.###..
#.# #g##.#..P


You could see a hound, 2 gnolls and a ball python.

Vanquished Creatures
  2 hounds (D:4)
  2 worker ants (D:4)
  5 adders
  A dart slug (D:2)
  A leopard gecko (D:1)
  7 orcs
  4 giant cockroaches
  7 goblins
  4 hobgoblins
  2 quokkas (D:2)
  10 bats
  6 frilled lizards
  2 kobolds
  10 rats
63 creatures vanquished.

Vanquished Creatures (others)
  A plant (D:4)
1 creature vanquished.

Grand Total: 64 creatures vanquished

Notes
Turn   | Place    | Note
-------+----------+-------------------------------------------
     0 | D:1      | ithil the Minotaur Gladiator began the quest for the Orb.
     0 | D:1      | Reached XP level 1. HP: 18/18 MP: 0/0
   218 | D:1      | Reached skill level 4 in Polearms
   327 | D:1      | Reached XP level 2. HP: 25/25 MP: 1/1
  1155 | D:2      | Reached XP level 3. HP: 16/30 MP: 2/2
  1694 | D:2      | Reached skill level 5 in Polearms
  1709 | D:2      | Reached skill level 1 in Armour
  1719 | D:2      | Reached XP level 4. HP: 29/37 MP: 3/3
  2454 | D:4      | Reached XP level 5. HP: 38/45 MP: 4/4
  2845 | D:4      | Reached skill level 6 in Polearms
  2893 | D:4      | Found a staircase to the Ecumenical Temple.
  2989 | Temple   | Entered the Ecumenical Temple
  3241 | Temple   | Became a worshipper of Trog the Wrathful
  3363 | D:4      | HP: 1/45 [hound (2)]
  3364 | D:4      | Slain by a hound

Skill      XL: |  1  2  3  4  5 |
---------------+----------------+-----
Polearms       | 4 5 6 |  6.1
Armour         | 1 2 |  2.2
Fighting       | 3 |  3.6
Maces & Flails | |  0.5
Throwing       | |  2.2
Dodging        | |  3.7
Stealth        | |  0.5

Action                   |  1- 3 |  4- 6 || total
-------------------------+-------+-------++-------
Melee: Trident           |    99 |    27 ||   126
       Headbutt          |    17 |    15 ||    32
       Mace              |       |    61 ||    61
  Use: Scroll            |       |     5 ||     5
       Potion            |       |     1 ||     1
  Eat: Chunk             |     3 |     3 ||     6
       Bread ration      |       |     1 ||     1
Armor: Chain mail        |    70 |    56 ||   126
       Leather armour    |     1 |       ||     1
Dodge: Dodged            |    35 |    56 ||    91
